 Dungeon Crawl Stone Soup version 0.27.0-1-g7a089689b8 (webtiles) character file.

Game seed: 11986571166324920204

4933 simples the Cleaver (level 10, -23/91 HPs)
             Began as a Minotaur Berserker on Aug 12, 2021.
             Was an Elder of Trog.
             Annihilated by a two-headed ogre (26 damage)
             ... on level 9 of the Dungeon.
             The game lasted 00:08:57 (9027 turns).

simples the Cleaver (Minotaur Berserker)            Turns: 9027, Time: 00:08:58

Health: -23/91     AC: 11    Str: 24    XL:     10   Next: 27%
Magic:  9/9        EV: 11    Int:  4    God:    Trog [****..]
Gold:   482        SH:  0    Dex: 11    Spells: 9/9 levels left

rFire    . . .     SeeInvis .   u - +2 battleaxe
rCold    + . .     Faith    .   (shield currently unavailable)
rNeg     . . .     Spirit   .   v - +0 chain mail
rPois    .         Reflect  .   (helmet restricted)
rElec    .         Harm     .   (no cloak)
rCorr    .         Rampage  .   (no gloves)
Will     ++...                  (no boots)
Stlth    ..........             (no amulet)
HPRegen  1.25/turn              a - ring of protection from cold
MPRegen  0.11/turn              (no ring)

@: strong-willed (expiring), on berserk cooldown, regenerating (expiring),
slowed, very slow
A: horns 2, retaliatory headbutt
a: Renounce Religion, Berserk, Trog's Hand, Brothers in Arms


You were on level 9 of the Dungeon.
You worshipped Trog.
Trog was greatly pleased with you.
You visited 2 branches of the dungeon, and saw 10 of its levels.

You collected 482 gold pieces.

Inventory:

Hand Weapons
 u - a +2 battleaxe (weapon)
 y - a +0 whip of flaming
Missiles
 r - a throwing net (quivered)
Armour
 v - a +0 chain mail (worn)
Jewellery
 a - a ring of protection from cold (left hand)
 j - a ring of ice
Wands
 n - a wand of mindburst (2)
Scrolls
 b - 3 scrolls of enchant weapon {unknown}
 c - a scroll of silence {unknown}
 f - 4 scrolls of identify {unknown}
 i - 7 scrolls of teleportation {unknown}
 k - a scroll of brand weapon {unknown}
 m - a scroll of fog {unknown}
 o - 2 scrolls of immolation {unknown}
 p - a scroll of vulnerability {unknown}
 q - 3 scrolls of magic mapping {unknown}
 t - a scroll of noise {unknown}
 x - a scroll of torment {unknown}
 z - a scroll of summoning {unknown}
Potions
 d - a potion of attraction {unknown}
 e - a potion of berserk rage {unknown}
 g - 3 potions of flight {unknown}
 h - 2 potions of brilliance {unknown}
 l - 7 potions of curing
 s - 2 potions of lignification {unknown}
 w - a potion of mutation {unknown}
 A - a potion of degeneration {unknown}


   Skills:
 + Level 9.0 Fighting
 * Level 11.8 Axes
 + Level 8.5 Armour
 + Level 7.7 Dodging


You had 9 spell levels left.
You didn't know any spells.
Your spell library was empty.

Dungeon Overview and Level Annotations

Branches:
Dungeon (9/15)             Temple (1/1) D:5
   Lair: D:8-11         Orc: D:9-12

Altars:
Ashenzari
Dithmenos
Elyvilon
Fedhas
Gozag
Hepliaklqana
Kikubaaqudgha
Makhleb
Okawaru
Sif Muna
Uskayaw
Vehumet
Wu Jian
Xom
The Shining One
Lugonu

Shops:
D:4 *


Innate Abilities, Weirdness & Mutations

You have a pair of horns on your head.
You reflexively headbutt those who attack you in melee.


Message History

You start resting.
HP restored.
Unknown command.
Your skin crawls.
You feel strong-willed.
There is a stone staircase leading down, spattered with blood here.
A red film seems to cover your vision as you go berserk!
You feel yourself moving faster!
You feel mighty!
You feel a strong urge to attack something.
You climb downwards.
There is a stone staircase leading up here.
You feel your anger nearly subside.
You are no longer berserk.
You are exhausted.
You feel yourself slow down.
There is an open door here.
Unknown command.
The orc priest closely misses you.
You hit the orc priest. You headbutt the orc priest.
The orc priest is severely wounded.
You hit the two-headed ogre but do no damage.
The two-headed ogre hits you with a +0 giant club!
The two-headed ogre hits you with a +0 giant spiked club!
The two-headed ogre hits you with a +0 giant club!!
The two-headed ogre closely misses you.
The orc priest casts a cantrip, but nothing happens.
There is an open door, spattered with blood here.
The orc priest calls upon Beogh to heal the orc priest.
The orc priest is healed somewhat.
There is a stone staircase leading up here.
You feel the effects of Trog's Hand fading.
The two-headed ogre hits you with a +0 giant club!!
* * * LOW HITPOINT WARNING * * *
The two-headed ogre hits you with a +0 giant spiked club.
* * * LOW HITPOINT WARNING * * *
The orc priest looks braver for a moment.
The orc priest miscasts a cantrip.
The two-headed ogre hits you with a +0 giant club!
* * * LOW HITPOINT WARNING * * *
The two-headed ogre hits you with a +0 giant spiked club!!
You die...

#. #####..## ##.#####
#.......# ..(....#
#.......# .......###
#.......# ......oo.#
#.......#
....)..#.####.......#
.......#....o<......#
$......######..o....#
.......# #..O@...#
.......# #.....<.#
.......# #.......#
.......# #.......+
#.......# #.......#
###+#####


You could see a two-headed ogre and 2 orc priests.

Vanquished Creatures
  Pikel (D:6)
  Psyche (D:8)
  Grinder (D:4)
  Sigmund (D:2)
  4 yaks (D:8)
  2 steam dragons
  Edmund (D:6)
  3 water moccasins
  A sky beast (D:7)
  An ice beast (D:5)
  A black bear (D:6)
  3 orc warriors (D:8)
  A necrophage (D:4)
  2 ogres (D:6)
  2 centaurs
  A lemure (D:6)
  A phantom (D:5)
  A gnoll sergeant (D:6)
  2 bullfrogs (D:7)
  A wyvern skeleton (D:3)
  A water moccasin zombie (D:5)
  5 wights (D:4)
  A howler monkey (D:4)
  A bullfrog zombie (D:7)
  A jelly (D:4)
  2 centaur zombies
  4 orc priests
  A centaur skeleton (D:7)
  2 hounds
  3 gnoll shamans
  2 iguanas
  5 orc wizards
  A hound zombie (D:5)
  Robin (D:4)
  23 gnolls
  6 adders
  3 white imps
  An adder skeleton (D:4)
  A worm (D:2)
  2 dart slugs
  22 orcs
  7 endoplasms
  4 giant cockroaches
  15 goblins
  10 hobgoblins
  3 jackals (D:2)
  13 kobolds
  5 quokkas
  7 ball pythons
  5 bats
  9 frilled lizards
  5 rats
202 creatures vanquished.

Vanquished Creatures (others)
  16 plants
16 creatures vanquished.

Grand Total: 218 creatures vanquished

Notes
Turn   | Place    | Note
-------+----------+-------------------------------------------
     0 | D:1      | simples the Minotaur Berserker began the quest for the Orb.
     0 | D:1      | Reached XP level 1. HP: 19/19 MP: 0/0
   353 | D:1      | Reached XP level 2. HP: 27/27 MP: 1/1
   356 | D:1      | Reached skill level 4 in Axes
   809 | D:1      | Found a faded altar of an unknown god.
  1119 | D:1      | Reached ** piety under Trog
  1124 | D:1      | Reached XP level 3. HP: 26/33 MP: 2/2
  1428 | D:2      | Found an ancient bone altar of Kikubaaqudgha.
  1448 | D:2      | Noticed Sigmund
  1458 | D:2      | Killed Sigmund
  1459 | D:2      | Reached skill level 5 in Axes
  1459 | D:2      | Reached XP level 4. HP: 41/41 MP: 3/3
  1459 | D:2      | Reached XP level 5. HP: 47/47 MP: 4/4
  1916 | D:3      | Reached XP level 6. HP: 48/55 MP: 5/5
  2074 | D:3      | Reached skill level 5 in Fighting
  2074 | D:3      | Reached skill level 6 in Axes
  2482 | D:3      | Reached *** piety under Trog
  2569 | D:3      | Found a hide-covered altar of Uskayaw.
  2797 | D:4      | Noticed a steam dragon
  2811 | D:4      | Killed a steam dragon
  2812 | D:4      | Reached skill level 7 in Axes
  2812 | D:4      | Reached XP level 7. HP: 30/61 MP: 6/6
  3153 | D:4      | Found Qugajudd's Gadget Gallery.
  3270 | D:4      | Reached skill level 5 in Armour
  3411 | D:4      | Noticed Robin
  3426 | D:4      | Killed Robin
  3426 | D:4      | Noticed Grinder
  3648 | D:4      | Killed Grinder
  3649 | D:4      | Reached skill level 8 in Axes
  3649 | D:4      | Reached skill level 5 in Dodging
  3649 | D:4      | Reached XP level 8. HP: 49/70 MP: 7/7
  3992 | D:4      | Found a hazy altar of Hepliaklqana.
  4365 | D:5      | Entered Level 5 of the Dungeon
  4488 | D:5      | Found a staircase to the Ecumenical Temple.
  4495 | D:5      | Reached skill level 9 in Axes
  4496 | D:5      | Reached **** piety under Trog
  4500 | Temple   | Entered the Ecumenical Temple
  4983 | D:5      | Found a broken altar of Ashenzari.
  5378 | D:6      | Reached XP level 9. HP: 59/79 MP: 8/8
  5629 | D:6      | Noticed Pikel
  5629 | D:6      | Noticed Edmund
  5639 | D:6      | Killed Pikel
  5640 | D:6      | Reached skill level 10 in Axes
  5642 | D:6      | Killed Edmund
  5849 | D:6      | Found a shadowy altar of Dithmenos.
  6206 | D:6      | Found an iron altar of Okawaru.
  6718 | D:7      | Reached skill level 11 in Axes
  6939 | D:7      | Found a burning altar of Makhleb.
  7983 | D:8      | Reached XP level 10. HP: 85/90 MP: 9/9
  8227 | D:8      | Found a glowing golden altar of the Shining One.
  8518 | D:8      | Noticed Psyche
  8529 | D:8      | Killed Psyche
  8700 | D:9      | Noticed a two-headed ogre
  9027 | D:9      | HP: 3/91 [two-headed ogre (16)]
  9027 | D:9      | Annihilated by a two-headed ogre

Illustrated notes

Levels and vault maps discovered:
D:1:      tarquinn_simple_flora_water_c, layout_basic, basic_ecumenical_altar,
          lexackson_kobold_supper
D:2:      layout_rooms, basic_altar, uniq_sigmund
D:3:      layout_loops_ring, general_overflow_altar, dk_noncrumbling_4
D:4:      layout_loops_ring, nicolae_hepliaklqana_hazy_memory, serial_forest,
          infiniplex_forest_lined_corner, infiniplex_forest_corner_2,
          infiniplex_forest_straight_4, infiniplex_forest_clump_medium,
          nicolae_shop_gadgets, uniq_robin, uniq_grinder
D:5:      layout_basic, lemuel_round_altar, minmay_temple_entry_grid
D:6:      layout_loops_ring, okawaru_altar_gauntlet_db, old_standard_altar,
          ebering_dispersal_statue_hall, kennysheep_diamond, uniq_pikel,
          uniq_edmund
D:7:      layout_basic, marbit_many_paths, minmay_splitting_lines
D:8:      layout_basic, nicolae_overflow_crystal_walls, uniq_psyche
D:9:      layout_roguey, nicolae_qazlal_eye_of_the_storm, orc_david_3
Temple:   corrupted_temple

Skill      XL: |  1  2  3  4  5  6  7  8  9 10 |
---------------+-------------------------------+-----
Axes           | 4 5 7 8 9 11 | 11.8
Fighting       | 4 5 6 7 8 9 |  9.0
Armour         | 3 4 5 6 8 |  8.5
Dodging        | 3 4 5 6 7 |  7.7

Action                   |  1- 3 |  4- 6 |  7- 9 | 10-12 || total
-------------------------+-------+-------+-------+-------++-------
Melee: Hand axe          |    73 |    91 |    73 |       ||   237
       Headbutt          |    14 |    12 |    48 |     3 ||    77
       Battleaxe         |       |       |   163 |    24 ||   187
Invok: Berserk           |     1 |     2 |     7 |     4 ||    14
       Trog's Hand       |       |       |     2 |     1 ||     3
Evoke: Wand              |       |       |     6 |       ||     6
  Use: Potion            |       |       |     1 |     5 ||     6
Armor: Animal skin       |     2 |       |       |       ||     2
       Ring mail         |    17 |    40 |    17 |       ||    74
       Chain mail        |       |       |    91 |    14 ||   105
Dodge: Dodged            |    41 |    57 |   140 |    14 ||   252
